 Dungeon Crawl Stone Soup version 0.20-a0-201-g851c6fa (webtiles) character file.

1711 KristoblXynda the Slasher (level 8, -1/63 HPs)
             Began as a Pale Draconian Berserker on Nov 24, 2016.
             Was a Priest of Trog.
             Slain by a centaur (5 damage)
             ... on level 5 of the Dungeon.
             The game lasted 00:09:31 (5285 turns).

KristoblXynda the Slasher (DrBe)                    Turns: 5285, Time: 00:09:31

Health: -1/63      AC:  6    Str: 20    XL:     8   Next: 74%
Magic:  11/11      EV: 15    Int:  9    God:    Trog [***...]
Gold:   146        SH:  0    Dex: 11    Spells: 7/7 levels left

rFire  . . .     SeeInvis .     g - +0 scimitar (slice)
rCold  . . .     Gourm    .     (armour unavailable)
rNeg   + . .     Faith    .     (no shield)
rPois  .         Spirit   .     (helmet restricted)
rElec  .         Reflect  .     (no cloak)
rCorr  .         Harm     .     (no gloves)
MR     .....                    (no boots)
Stlth  +.........               (no amulet)
                                m - ring of positive energy
                                (no ring)

@: no status effects
A: breathe steam, unfitting armour, cold-blooded, AC +6
a: Breathe Steam, Berserk, Trog's Hand, Burn Spellbooks, Renounce Religion


You were on level 5 of the Dungeon.
You worshipped Trog.
Trog was most pleased with you.
You were not hungry.

You visited 2 branches of the dungeon, and saw 6 of its levels.

You collected 416 gold pieces.
You spent 270 gold pieces at shops.

Inventory:

Hand Weapons
 g - a +0 scimitar of slicing (weapon)
Jewellery
 m - a ring of positive energy (right hand)
 n - an uncursed ring of flight
Wands
 a - a wand of hasting (3/9)
Scrolls
 c - 3 scrolls of remove curse
 d - 2 scrolls of enchant armour
 h - 2 scrolls of magic mapping
 q - a scroll of amnesia
Potions
 e - a potion of resistance
 i - 2 potions of agility
 k - 2 potions of haste {unknown}
 o - a potion of flight {unknown}
 s - a potion of heal wounds {unknown}
Comestibles
 b - 5 bread rations
 f - 4 meat rations
 l - 5 fruits
 p - a royal jelly
 r - 3 beef jerkies
 t - 8 chunks of flesh


   Skills:
 - Level 3.2 Fighting
 + Level 7.2 Long Blades
 - Level 4.2 Throwing
 + Level 6.4 Dodging
 + Level 4.5 Evocations


You had 7 spell levels left.
You didn't know any spells.

Dungeon Overview and Level Annotations

Branches:
Dungeon (5/15)             Temple (1/1) D:4

Altars:
Ashenzari
Cheibriados
Elyvilon
Fedhas
Gozag
Kikubaaqudgha
Makhleb
Nemelex Xobeh
Okawaru
Qazlal
Ru
Trog
Vehumet
Yredelemnul
Zin
The Shining One

Shops:
D:4 *=(

Annotations:
D:5 1 runed door


Innate Abilities, Weirdness & Mutations

You can breathe blasts of scalding, opaque steam.
Your pale cyan-grey scales are hard. (AC +6)
You cannot fit into any form of body armour.
You are cold-blooded and may be slowed by cold attacks.


Message History

The centaur is heavily wounded.
The centaur hits you!
* * * LOW HITPOINT WARNING * * *
You hit the centaur.
You tail-slap the centaur, but do no damage.
The centaur is severely wounded.
The centaur hits you but does no damage.
The centaur hits you.
* * * LOW HITPOINT WARNING * * *
You hit the centaur.
The centaur is severely wounded.
The centaur barely misses you. The centaur closely misses you.
You feel better. The centaur hits you.
* * * LOW HITPOINT WARNING * * *
You hit the centaur.
The centaur is almost dead.
The centaur hits you!
* * * LOW HITPOINT WARNING * * *
The centaur hits you.
You die...

##.####.........#....#.ba.s#....#
#.####..........#....+.baya†/...#
.###............#....#.saa.#..b.#
## #............#....#######....#
# #>...........#...............#
#............#...............#
#............########†########
#................(.†).#
#...........c@(########
#..............# #..........[..##
##.......<....# ###
##...........## #.##
##.........#.# ...##
##........#.# ....## ##......##.#
....>## ###...###.##


You could see a centaur.

Vanquished Creatures
  Grinder (D:3)
  Eustachio (D:5)
  Edmund (D:4)
  2 ogres (D:4)
  An ice beast (D:5)
  2 centaurs (D:5)
  Blork the orc (D:4)
  A water moccasin skeleton (D:5)
  A killer bee (D:5)
  A howler monkey (D:5)
  2 hounds (D:4)
  2 bullfrog skeletons
  2 orc priests (D:3)
  An orc wizard (D:5)
  Jessica (D:3)
  11 worker ants
  A hound skeleton (D:4)
  7 adders
  An ooze (D:1)
  An adder skeleton (D:5)
  4 worms
  A dart slug (D:1)
  2 leopard geckos (D:3)
  7 orcs
  A ball python (D:4)
  4 bats
  7 giant cockroaches
  7 goblins
  3 hobgoblins
  5 jackals
  6 quokkas
  8 frilled lizards
  A jackal skeleton (D:4)
  3 kobolds
  A leopard gecko skeleton (D:5)
  A leopard gecko zombie (D:5)
  3 rats
105 creatures vanquished.

Notes
Turn   | Place    | Note
-------+----------+-------------------------------------------
     0 | D:1      | KristoblXynda the Draconian Berserker began the quest for the Orb.
     0 | D:1      | Reached XP level 1. HP: 19/19 MP: 1/1
   415 | D:1      | Reached XP level 2. HP: 23/26 MP: 2/2
   578 | D:1      | Reached skill level 1 in Throwing
   936 | D:2      | Found a white marble altar of Elyvilon.
  1148 | D:2      | Reached XP level 3. HP: 21/31 MP: 3/3
  1803 | D:3      | Reached XP level 4. HP: 9/38 MP: 4/4
  1804 | D:3      | Reached skill level 4 in Long Blades
  2005 | D:3      | Noticed Jessica
  2012 | D:3      | Noticed Grinder
  2014 | D:3      | Killed Jessica
  2014 | D:3      | Reached XP level 5. HP: 44/45 MP: 5/5
  2254 | D:3      | Paralysed by Grinder for 3 turns
  2272 | D:3      | Killed Grinder
  2272 | D:3      | Reached XP level 6. HP: 51/51 MP: 6/6
  2369 | D:3      | Found a glowing golden altar of the Shining One.
  2585 | D:3      | Reached ** piety under Trog
  2900 | D:3      | Found an opulent altar of Gozag.
  2952 | D:4      | Noticed Blork the orc
  2975 | D:4      | Reached skill level 5 in Long Blades
  2979 | D:4      | Killed Blork the orc
  3178 | D:4      | Your scales start taking on a pale cyan-grey colour.
  3178 | D:4      | Reached XP level 7. HP: 57/57 MP: 7/7
  3215 | D:4      | Found Quryu's Antique Weapon Boutique.
  3275 | D:4      | Noticed Edmund
  3280 | D:4      | Reached skill level 5 in Dodging
  3597 | D:4      | Found Yci Ypp's Jewellery Boutique.
  3619 | D:4      | Found a staircase to the Ecumenical Temple.
  3636 | Temple   | Entered the Ecumenical Temple
  3844 | D:4      | Killed Edmund
  3844 | D:4      | Reached skill level 1 in Evocations
  3866 | D:4      | Found Noitumi's Assorted Antiques.
  3875 | D:4      | Bought a glowing scimitar for 270 gold pieces
  3941 | D:4      | Reached skill level 6 in Long Blades
  4033 | D:5      | Entered Level 5 of the Dungeon
  4049 | D:5      | Noticed Eustachio
  4049 | D:5      | Reached XP level 8. HP: 48/63 MP: 9/9
  4062 | D:5      | Killed Eustachio
  4520 | D:5      | Found a runed door.
  4538 | D:5      | Found a runed door.
  5098 | D:5      | Reached *** piety under Trog
  5151 | D:5      | Reached skill level 7 in Long Blades
  5285 | D:5      | Slain by a centaur

Vault maps used:
D:1:      lemuel_arrival_room
D:2:      elyvilon_altar_1, first_bread
D:3:      overflow_temple_1_default,
          nicolae_gozag_cash_rules_everything_around_me, uniq_jessica,
          uniq_grinder
D:4:      serial_shops, shop_coins, nicolae_shop_trees, shop, uniq_edmund,
          uniq_blork_the_orc
D:5:      lemuel_insect_pit, st_stairs_3, minmay_misc_feat_encased,
          uniq_eustachio
Temple:   dshaligram_water_room_temple

Skill      XL: |  1  2  3  4  5  6  7  8 |
---------------+-------------------------+-----
Dodging        | 3 4 5 6 |  6.4
Throwing       | 1 2 3 4 |  4.2
Long Blades    | 4 5 6 7 |  7.2
Evocations     | 2 4 |  4.5
Fighting       | |  3.2

Action                   |  1- 3 |  4- 6 |  7- 9 || total
-------------------------+-------+-------+-------++-------
Melee: Falchion          |    71 |    63 |       ||   134
       Tailslap          |     9 |    24 |    18 ||    51
       Long sword        |       |    57 |    62 ||   119
       Scimitar          |       |       |   108 ||   108
Invok: Berserk           |     1 |     4 |     3 ||     8
       Trog's Hand       |       |       |     1 ||     1
 Abil: Breathe Steam     |       |       |     4 ||     4
  Use: Scroll            |       |     5 |     2 ||     7
       Potion            |       |     1 |     2 ||     3
  Eat: Chunk             |     2 |     3 |     7 ||    12
       Pizza             |     1 |     1 |     1 ||     3
       Beef jerky        |       |     1 |       ||     1
       Fruit             |       |     1 |     4 ||     5
Armor: Skin              |    18 |    29 |    41 ||    88
Dodge: Dodged            |    45 |    89 |   151 ||   285
       Rpst.: Falchion   |    19 |    14 |       ||    33
       Long sword        |       |    13 |    13 ||    26
       Scimitar          |       |       |    25 ||    25
